SAAA
FLORIDA MEN @ PAWNEE PARKSNREC
08/21/2042
 
TOP OF THE 1ST
Florida Men batting - Pitching for Pawnee ParksNRec : RHP Manuel Ruíz
Pitching: RHP Manuel Ruíz
Batting: RHB Matsudaira Sugahara 0-0: Foul Ball, location: 2F
0-1: Foul Ball, location: 2F
0-2: Ball
1-2: Ball
2-2: Hit by Pitch
Batting: RHB Marcos Janero 0-0: Called Strike
0-1: Ball
1-1: Ball
2-1: Ball
3-1: Foul Ball, location: 2F
3-2: Fly out, F4 (Popup, 4D, EV 50.6 MPH)
Batting: LHB Edward Kisiner 0-0: Ball
1-0: Ball
2-0: Foul Ball, location: 2F
2-1: Ball
3-1: DOUBLE (Line Drive, 78XD, EV 107.5 MPH)
Matsudaira Sugahara to third
Batting: RHB Walke Mehoff 0-0: Called Strike
0-1: Ball
1-1: Swinging Strike
1-2: SINGLE (Groundball, 4MD, EV 96.9 MPH)
Matsudaira Sugahara scores
Edward Kisiner to third
Runner from 3rd tries for Home, SAFE, throw by CF to home
Walke Mehoff to second
Batting: RHB César Guerra 0-0: Foul Ball, location: 2F
0-1: Called Strike
0-2: Foul Ball, location: 2F
0-2: Ground out 6-3 (Groundball, 6, EV 86.2 MPH)
Batting: LHB Basava Puri 0-0: Ball
1-0: Called Strike
1-1: Foul Ball, location: 2F
1-2: 2-RUN HOME RUN (Flyball, 89XD, EV 86.9 MPH), Distance : 421 ft
Batting: RHB Pellervo Rintanen 0-0: Foul Ball, location: 2F
0-1: Ground out 5-3 (Groundball, 56, EV 79.4 MPH)
Top of the 1st over - 4 runs, 3 hits, 0 errors, 0 left on base; Florida 4 - Pawnee 0
BOTTOM OF THE 1ST
Pawnee ParksNRec batting - Pitching for Florida Men : RHP Enrique Cruz
Pitching: RHP Enrique Cruz
Batting: RHB Hiroshige Ohashi 0-0: Ground out 4-3 (Groundball, 4M, EV 85.0 MPH)
Batting: RHB Igme Padoga 0-0: Ground out 1-3 (Groundball, 34S, EV 70.0 MPH)
Batting: LHB Won-shik Yi 0-0: Called Strike
0-1: Ball
1-1: Fly out, F7 (Flyball, 7LM, EV 98.8 MPH)
Bottom of the 1st over - 0 runs, 0 hits, 0 errors, 0 left on base; Florida 4 - Pawnee 0
TOP OF THE 2ND
Florida Men batting - Pitching for Pawnee ParksNRec : RHP Manuel Ruíz
Batting: RHB Tristan Powell 0-0: Ground out 1-3 (Groundball, 13, EV 83.1 MPH)
Batting: LHB Peter Metellus 0-0: Ball
1-0: Called Strike
1-1: Ball
2-1: DOUBLE (Line Drive, 8LXD, EV 98.1 MPH)
Batting: RHB Matsudaira Sugahara 0-0: Called Strike
0-1: Foul Ball, location: 2F
0-2: Ball
1-2: Ball
2-2: Ground out 1-3 (Groundball, 34S, EV 66.9 MPH)
Peter Metellus to third
Batting: RHB Marcos Janero 0-0: SINGLE (Groundball, 34D, EV 98.8 MPH)
Peter Metellus scores
Batting: LHB Edward Kisiner 0-0: Called Strike
0-1: Ball
Marcos Janero steals 2nd base
1-1: Ball
2-1: Ball
3-1: Called Strike
3-2: Ground out 6-3 (Groundball, 6M, EV 98.8 MPH)
Top of the 2nd over - 1 run, 2 hits, 0 errors, 1 left on base; Florida 5 - Pawnee 0
BOTTOM OF THE 2ND
Pawnee ParksNRec batting - Pitching for Florida Men : RHP Enrique Cruz
Batting: RHB Manuel Acosta 0-0: Fly out, F9 (Flyball, 9LMF, EV 106.2 MPH)
Batting: RHB Josh Mawdesley 0-0: Ball
1-0: Ball
2-0: Called Strike
2-1: Swinging Strike
2-2: Strikes out swinging
Batting: RHB Bartolo Álvarez 0-0: Ball
1-0: Called Strike
1-1: Ball
2-1: Called Strike
2-2: Foul Ball, location: 2F
2-2: Foul Ball, location: 2F
2-2: DOUBLE (Line Drive, 78D, EV 103.1 MPH)
Batting: SHB Jake Pinto 0-0: Called Strike
0-1: Foul Ball, location: 2F
0-2: SINGLE (Groundball, 34D, EV 104.4 MPH)
Bartolo Álvarez to third
Runner from 3rd tries for Home, SAFE, no throw by RF
Batting: RHB Ashton Bailey 0-0: SINGLE (Groundball, 34D, EV 99.4 MPH)
Jake Pinto to second
Runner from 2nd tries for 3rd, SAFE, no throw by RF
Batting: RHB Henry Kent 0-0: Ball
1-0: Fly out, F9 (Flyball, 9, EV 90.6 MPH)
Bottom of the 2nd over - 1 run, 3 hits, 0 errors, 2 left on base; Florida 5 - Pawnee 1
TOP OF THE 3RD
Florida Men batting - Pitching for Pawnee ParksNRec : RHP Manuel Ruíz
Batting: RHB Walke Mehoff 0-0: Ball
1-0: Ball
2-0: Foul Ball, location: 2F
2-1: Foul Ball, location: 2F
2-2: Ball
3-2: Foul Ball, location: 2F
3-2: Foul Ball, location: 2F
3-2: Fly out, F9 (Line Drive, 9, EV 90.6 MPH)
Batting: RHB César Guerra 0-0: Swinging Strike
0-1: Ball
1-1: Ball
2-1: Foul Ball, location: 2F
2-2: Foul Ball, location: 2F
2-2: Ball
3-2: Base on Balls
Batting: LHB Basava Puri 0-0: Fly out, F9 (Line Drive, 9, EV 86.9 MPH)
Batting: RHB Pellervo Rintanen 0-0: Ball
1-0: Swinging Strike
1-1: DOUBLE (Flyball, 89D, EV 103.8 MPH)
César Guerra to third
Runner from 3rd tries for Home, SAFE, throw by RF to trailing runner, SAFE at third!
Pitching: RHP Nand Lal Chaudhary
Batting: RHB Tristan Powell 0-0: Ball
1-0: Ball
2-0: Ball
3-0: Base on Balls
Batting: LHB Peter Metellus 0-0: Ball
1-0: Called Strike
1-1: Ball
2-1: Ball
3-1: Base on Balls
Tristan Powell to second
Batting: RHB Matsudaira Sugahara 0-0: Called Strike
0-1: Called Strike
0-2: Fly out, F8 (Flyball, 8RS, EV 100.0 MPH)
Top of the 3rd over - 1 run, 1 hit, 0 errors, 3 left on base; Florida 6 - Pawnee 1
BOTTOM OF THE 3RD
Pawnee ParksNRec batting - Pitching for Florida Men : RHP Enrique Cruz
Batting: RHB Hiroshige Ohashi 0-0: Ball
1-0: Ball
2-0: Ball
3-0: Swinging Strike
3-1: Foul Ball, location: 2F
3-2: Strikes out swinging
Batting: RHB Igme Padoga 0-0: Ball
1-0: Called Strike
1-1: Ball
2-1: Ball
3-1: Foul Ball, location: 2F
3-2: Strikes out swinging
Batting: LHB Won-shik Yi 0-0: Ball
1-0: Called Strike
1-1: Foul Ball, location: 2F
1-2: Strikes out looking
Bottom of the 3rd over - 0 runs, 0 hits, 0 errors, 0 left on base; Florida 6 - Pawnee 1
TOP OF THE 4TH
Florida Men batting - Pitching for Pawnee ParksNRec : RHP Nand Lal Chaudhary
Batting: RHB Marcos Janero 0-0: Called Strike
0-1: Swinging Strike
0-2: Fly out, F8 (Flyball, 89D, EV 99.4 MPH)
Batting: LHB Edward Kisiner 0-0: Ball
1-0: Foul Ball, location: 2F
1-1: Ball
2-1: Foul Ball, location: 2F
2-2: SOLO HOME RUN (Line Drive, 9D, EV 110.0 MPH), Distance : 375 ft
Batting: RHB Walke Mehoff 0-0: Ground out 5-3 (Groundball, 56, EV 107.5 MPH)
Batting: RHB César Guerra 0-0: Called Strike
0-1: Fly out, F7 (Flyball, 78M, EV 87.5 MPH)
Top of the 4th over - 1 run, 1 hit, 0 errors, 0 left on base; Florida 7 - Pawnee 1
BOTTOM OF THE 4TH
Pawnee ParksNRec batting - Pitching for Florida Men : RHP Enrique Cruz
Batting: RHB Manuel Acosta 0-0: Ball
1-0: Ball
2-0: Ground out 5-3 (Groundball, 56, EV 78.1 MPH)
Batting: RHB Josh Mawdesley 0-0: Swinging Strike
0-1: Foul Ball, location: 2F
0-2: Strikes out swinging
Batting: RHB Bartolo Álvarez 0-0: Ball
1-0: Ball
2-0: Fly out, F8 (Flyball, 89D, EV 95.6 MPH)
Bottom of the 4th over - 0 runs, 0 hits, 0 errors, 0 left on base; Florida 7 - Pawnee 1
TOP OF THE 5TH
Florida Men batting - Pitching for Pawnee ParksNRec : RHP Nand Lal Chaudhary
Batting: LHB Basava Puri 0-0: Ball
1-0: Called Strike
1-1: Ball
2-1: Called Strike
2-2: Fly out, F8 (Flyball, 8RS, EV 90.6 MPH)
Batting: RHB Pellervo Rintanen 0-0: Ball
1-0: Ball
2-0: Called Strike
2-1: Swinging Strike
2-2: Foul Ball, location: 2F
2-2: Strikes out swinging
Batting: RHB Tristan Powell 0-0: Foul Ball, location: 2F
0-1: Ball
1-1: Called Strike
1-2: Ball
2-2: Ball
3-2: Foul Ball, location: 2F
3-2: Foul Ball, location: 2F
3-2: Base on Balls
Batting: LHB Peter Metellus 0-0: Called Strike
0-1: Foul Ball, location: 2F
0-2: Ball
1-2: Foul Ball, location: 2F
1-2: Ball
Wild Pitch!
Tristan Powell to second
2-2: Foul Ball, location: 2F
2-2: Ball
3-2: Foul Ball, location: 2F
3-2: Foul Ball, location: 2F
3-2: SINGLE (Line Drive, 7S, EV 92.5 MPH)
Tristan Powell to third
Tristan Powell scores
Batting: RHB Matsudaira Sugahara 0-0: Ball
1-0: Ball
2-0: Ball
3-0: Called Strike
3-1: Base on Balls
Peter Metellus to second
Pitching: RHP Jessie James
Batting: RHB Marcos Janero 0-0: 3-RUN HOME RUN (Flyball, 78XD, EV 102.5 MPH), Distance : 425 ft
Batting: LHB Edward Kisiner 0-0: Foul Ball, location: 2F
0-1: Fly out, F9 (Flyball, 9S, EV 90.0 MPH)
Top of the 5th over - 4 runs, 2 hits, 0 errors, 0 left on base; Florida 11 - Pawnee 1
BOTTOM OF THE 5TH
Pawnee ParksNRec batting - Pitching for Florida Men : RHP Enrique Cruz
Batting: SHB Jake Pinto 0-0: Ball
1-0: Foul Ball, location: 2F
1-1: Ball
2-1: Fly out, F3 (Line Drive, 3, EV 72.5 MPH)
Batting: RHB Ashton Bailey 0-0: Called Strike
0-1: Ball
1-1: Swinging Strike
1-2: Strikes out swinging
Batting: RHB Henry Kent 0-0: Ball
1-0: Foul Ball, location: 2F
1-1: Ball
2-1: Swinging Strike
2-2: Foul Ball, location: 2F
2-2: Foul Ball, location: 2F
2-2: Strikes out looking
Bottom of the 5th over - 0 runs, 0 hits, 0 errors, 0 left on base; Florida 11 - Pawnee 1
TOP OF THE 6TH
Florida Men batting - Pitching for Pawnee ParksNRec : RHP Jessie James
Batting: RHB Walke Mehoff 0-0: Ball
1-0: Called Strike
1-1: Ball
2-1: Foul Ball, location: 2F
2-2: Ball
3-2: SINGLE (Groundball, 56D, EV 98.8 MPH)
Batting: RHB César Guerra 0-0: Called Strike
0-1: Ball
1-1: Foul Ball, location: 2F
1-2: Foul Ball, location: 2F
1-2: Foul Ball, location: 2F
1-2: Strikes out swinging
Batting: LHB Basava Puri 0-0: Swinging Strike
0-1: Ball
1-1: Foul Ball, location: 2F
1-2: Strikes out looking
Batting: RHB Pellervo Rintanen 0-0: Called Strike
0-1: DOUBLE (Flyball, 8RXD, EV 89.4 MPH)
Walke Mehoff to third
Batting: RHB Tristan Powell 0-0: Ball
1-0: Foul Ball, location: 2F
1-1: Called Strike
1-2: Strikes out swinging
Top of the 6th over - 0 runs, 2 hits, 0 errors, 2 left on base; Florida 11 - Pawnee 1
BOTTOM OF THE 6TH
Pawnee ParksNRec batting - Pitching for Florida Men : RHP Enrique Cruz
Batting: RHB Hiroshige Ohashi 0-0: DOUBLE (Line Drive, 7LM, EV 109.4 MPH)
Batting: RHB Igme Padoga 0-0: Ball
1-0: Ball
2-0: Called Strike
2-1: Ball
3-1: Base on Balls
Batting: LHB Won-shik Yi 0-0: Foul Ball, location: 2F
0-1: Foul Ball, location: 2F
0-2: Ball
1-2: Foul Ball, location: 2F
1-2: SINGLE (Line Drive, 56D, EV 106.9 MPH)
Hiroshige Ohashi to third
Igme Padoga to second
Pitching: RHP Marty McFly
Batting: RHB Manuel Acosta 0-0: SINGLE (Line Drive, 78M, EV 94.4 MPH)
Hiroshige Ohashi scores
Igme Padoga to third
Won-shik Yi to second
Runner from 3rd tries for Home, SAFE, throw by LF to home
Batting: RHB Josh Mawdesley 0-0: Ball
1-0: Fielders Choice at 2nd, 4-6 (Groundball, 4, EV 86.9 MPH)
Won-shik Yi to third
Batting: RHB Bartolo Álvarez 0-0: Ball
1-0: Ball
Josh Mawdesley steals 2nd base (no throw)
2-0: Foul Ball, location: 2F
2-1: Called Strike
2-2: Foul Ball, location: 2F
2-2: Ball
3-2: Base on Balls
Batting: SHB Jake Pinto 0-0: SINGLE (Flyball, 7LS, EV 90.0 MPH)
Won-shik Yi scores
Josh Mawdesley to third
Bartolo Álvarez to second
Batting: RHB Ashton Bailey 0-0: Foul Ball, location: 2F
0-1: Swinging Strike
0-2: Ball
1-2: Foul Ball, location: 2F
1-2: Strikes out looking
Batting: RHB Henry Kent 0-0: Called Strike
0-1: Ball
1-1: Ball
2-1: Foul Ball, location: 2F
2-2: Ball
3-2: Foul Ball, location: 2F
3-2: SINGLE (Line Drive, 5D, EV 104.4 MPH)
Josh Mawdesley scores
Bartolo Álvarez to third
Jake Pinto to second
Bartolo Álvarez scores
Jake Pinto to third
Batting: RHB Hiroshige Ohashi 0-0: Foul Ball, location: 2F
0-1: Ball
1-1: Ball
2-1: Ball
3-1: SINGLE (Groundball, 56D, EV 110.6 MPH)
Jake Pinto scores
Henry Kent to second
Pitching: LHP Melvin Conner
Batting: RHB Igme Padoga 0-0: Called Strike
0-1: Ball
1-1: Fly out, F7 (Flyball, 78D, EV 88.8 MPH)
Bottom of the 6th over - 6 runs, 6 hits, 0 errors, 2 left on base; Florida 11 - Pawnee 7
TOP OF THE 7TH
Florida Men batting - Pitching for Pawnee ParksNRec : RHP Jessie James
Batting: LHB Peter Metellus 0-0: Called Strike
0-1: Ball
1-1: Hit by Pitch
Batting: RHB Matsudaira Sugahara 0-0: Foul Ball, location: 2F
0-1: Ball
1-1: Ball
2-1: Foul Ball, location: 2F
2-2: Ball
3-2: Grounds into double play, 6-4-3 (Groundball, 6, EV 101.9 MPH)
Batting: RHB Marcos Janero 0-0: Ball
1-0: Ball
2-0: Ball
3-0: Called Strike
3-1: Swinging Strike
3-2: Strikes out swinging
Top of the 7th over - 0 runs, 0 hits, 0 errors, 0 left on base; Florida 11 - Pawnee 7
BOTTOM OF THE 7TH
Pawnee ParksNRec batting - Pitching for Florida Men : LHP Melvin Conner
Batting: LHB Won-shik Yi 0-0: Ground out 4-3 (Groundball, 4D, EV 105.6 MPH)
Batting: RHB Manuel Acosta 0-0: Foul Ball, location: 2F
0-1: Swinging Strike
0-2: Ground out 5-3 (Groundball, 56, EV 88.1 MPH)
Batting: RHB Josh Mawdesley 0-0: Foul Ball, location: 2F
0-1: Ground out 1-3 (Groundball, 13S, EV 73.8 MPH)
Bottom of the 7th over - 0 runs, 0 hits, 0 errors, 0 left on base; Florida 11 - Pawnee 7
TOP OF THE 8TH
Florida Men batting - Pitching for Pawnee ParksNRec : RHP Jessie James
Batting: LHB Edward Kisiner 0-0: Ground out 4-3 (Groundball, 4, EV 80.0 MPH)
Batting: RHB Walke Mehoff 0-0: Called Strike
0-1: Ball
1-1: Called Strike
1-2: Ball
2-2: Strikes out swinging
Batting: RHB César Guerra 0-0: Ball
1-0: Ground out 5-3 (Groundball, 5, EV 98.1 MPH)
Top of the 8th over - 0 runs, 0 hits, 0 errors, 0 left on base; Florida 11 - Pawnee 7
BOTTOM OF THE 8TH
Pawnee ParksNRec batting - Pitching for Florida Men : LHP Melvin Conner
Batting: RHB Bartolo Álvarez 0-0: Ball
1-0: Ball
2-0: Ball
3-0: Called Strike
3-1: Swinging Strike
3-2: Strikes out swinging
Batting: SHB Jake Pinto 0-0: Called Strike
0-1: Foul Ball, location: 2F
0-2: Strikes out swinging
Batting: RHB Ashton Bailey 0-0: Ball
1-0: Fly out, F9 (Flyball, 9LS, EV 77.5 MPH)
Bottom of the 8th over - 0 runs, 0 hits, 0 errors, 0 left on base; Florida 11 - Pawnee 7
TOP OF THE 9TH
Florida Men batting - Pitching for Pawnee ParksNRec : RHP Jessie James
Batting: LHB Basava Puri 0-0: Ball
1-0: Swinging Strike
1-1: Ball
2-1: SINGLE (Flyball, 89M, EV 89.4 MPH)
Pitching: RHP Ronald Wolfe
Batting: RHB Pellervo Rintanen 0-0: Ball
1-0: Ball
2-0: Swinging Strike
2-1: Ball
3-1: Foul Ball, location: 2F
3-2: Strikes out swinging
Batting: RHB Tristan Powell 0-0: Foul Ball, location: 2F
0-1: Ball
1-1: Foul Ball, location: 2F
1-2: Fly out, F7 (Flyball, 7, EV 86.9 MPH)
Batting: LHB Peter Metellus 0-0: Ball
1-0: Foul Ball, location: 2F
1-1: Called Strike
1-2: Foul Ball, location: 2F
1-2: Ball
2-2: Foul Ball, location: 2F
2-2: Ball
Basava Puri steals 2nd, throwing error, E2
Basava Puri to third
3-2: Ground out U3 (Groundball, 3, EV 108.8 MPH)
Top of the 9th over - 0 runs, 1 hit, 1 error, 1 left on base; Florida 11 - Pawnee 7
BOTTOM OF THE 9TH
Pawnee ParksNRec batting - Pitching for Florida Men : LHP Melvin Conner
Batting: RHB Henry Kent 0-0: Ball
1-0: Called Strike
1-1: Ground out 6-3 (Groundball, 6, EV 101.2 MPH)
Batting: RHB Hiroshige Ohashi 0-0: Ball
1-0: Foul Ball, location: 2F
1-1: Ball
2-1: Ground out 5-3 (Groundball, 56S, EV 88.8 MPH)
Batting: RHB Igme Padoga 0-0: Ball
1-0: Foul Ball, location: 2F
1-1: Ball
2-1: Ball
3-1: Base on Balls
Batting: LHB Won-shik Yi 0-0: Called Strike
0-1: Fly out, F7 (Flyball, 7, EV 93.1 MPH)
Bottom of the 9th over - 0 runs, 0 hits, 0 errors, 1 left on base; Florida 11 - Pawnee 7
Friday, March 26th, 2021 - OOTP Baseball 20.8 Build 74